 Dungeon Crawl Stone Soup version 0.17-a0-1945-gfe993df (webtiles) character file.

8 derrpe the Magician (level 2, 0/15 HPs)
             Began as a Deep Elf Wizard on Oct 1, 2015.
             Was a Follower of Qazlal.
             Slain by a kobold
             ... wielding a +0 dagger
              (2 damage)
             ... on level 2 of the Dungeon.
             The game lasted 00:01:01 (1140 turns).

derrpe the Magician (Deep Elf Wizard)               Turns: 1140, Time: 00:01:01

Health: 0/15       AC:  2    Str:  4    XL:     2   Next: 0%
Magic:  9/9        EV: 12    Int: 22    God:    Qazlal [*.....]
Gold:   88         SH:  1    Dex: 13    Spells: 1 memorised, 8 levels left

rFire  . . .     SeeInvis .     o - +0 mace
rCold  . . .     Clarity  .     a - +0 robe
rNeg   . . .     SustAt   .     (no shield)
rPois  .         Gourm    .     b - +0 hat
rElec  .         Spirit   .     (no cloak)
rCorr  .         Warding  .     (no gloves)
rMut   .         Stasis   .     (no boots)
MR     .....                    (no amulet)
Stlth  ++........               (no ring)
                                (no ring)

@: not resistant to hostile enchantments, unstealthy
A: no striking features
a: Renounce Religion


You were on level 2 of the Dungeon.
You worshipped Qazlal.
Qazlal was aware of your devotion.
You were hungry.

You visited 1 branch of the dungeon, and saw 2 of its levels.

You collected 88 gold pieces.

Inventory:

Hand weapons
 o - a +0 mace (weapon)
Armour
 a - a +0 robe (worn)
 b - a +0 hat (worn)
Jewellery
 j - a +5 ring of dexterity {unknown}
Scrolls
 e - 2 scrolls of teleportation {unknown}
 h - 2 scrolls of magic mapping {unknown}
 i - 2 scrolls of random uselessness {unknown}
 m - 2 scrolls of identify {unknown}
 n - a scroll of remove curse {unknown}
 q - a scroll of enchant armour {unknown}
 r - a scroll of fear {unknown}
Potions
 g - 2 potions of curing {unknown}
 k - 3 potions of mutation {unknown}
 p - a potion of agility {unknown}
Books
 c - a book of Minor Magic

   Spells                             Type                      Level
   a - Magic Dart                     Conjuration                  1
   b - Blink                          Translocation                2
   c - Call Imp                       Summoning                    2
   d - Repel Missiles                 Charms/Air                   2
   e - Slow                           Hexes                        2
   f - Conjure Flame                  Conjuration/Fire             3
   g - Mephitic Cloud                 Conjuration/Poison/Air       3
Comestibles
 d - a bread ration {@e1}
 f - a beef jerky
 l - 3 fruits


   Skills:
 - Level 2.4 Dodging
 - Level 2.4 Stealth
 - Level 4.4 Spellcasting
 + Level 2.2 Conjurations
   Level 1.1 Summonings
   Level 1.1 Translocations


You had 8 spell levels left.
You knew the following spells:

 Your Spells              Type           Power        Failure   Level  Hunger
a - Magic Dart            Conj           ##..         6%          1    None


Dungeon Overview and Level Annotations

Branches:
Dungeon (2/15)

Altars:
Qazlal


Message History

You hit the kobold but do no damage.
The kobold is moderately wounded.
The kobold closely misses you. The kobold hits you with a dagger.
The kobold hits you but does no damage. The kobold hits you with a dagger.
You are feeling hungry.
The kobold hits you with a dagger. The kobold hits you with a dagger.
The kobold barely misses you. The kobold hits you but does no damage.
The kobold barely misses you. The kobold hits you with a dagger.
The kobold hits you but does no damage. The kobold closely misses you.
You block the kobold's attack. The kobold hits you with a dagger.
* * * LOW HITPOINT WARNING * * *
The kobold hits you with a dagger.
You die...

#.... #......#
########.### +......+
............ #......#
########.... #......#
#.... #......## #....
+.......# #....
#.....!.## #####....
#..K@..(.# #........
#......#.## #.####...
########..###.#......
###.#..........
###.....#...#....
.........######...
.............[.+...
..........######...
........#.# #...


You could see a kobold.

Vanquished Creatures
  A goblin (D:1)
  2 bats (D:1)
  3 kobolds
  3 rats
9 creatures vanquished.

Notes
Turn   | Place    | Note
--------------------------------------------------------------
     0 | D:1      | derrpe the Deep Elf Wizard began the quest for the Orb.
     0 | D:1      | Reached XP level 1. HP: 10/10 MP: 7/7
   995 | D:2      | Found a faded altar to an unknown god.
  1016 | D:2      | Reached XP level 2. HP: 15/15 MP: 7/9
  1052 | D:2      | Became a worshipper of Qazlal Stormbringer
  1052 | D:2      | Acquired Qazlal's first power
  1140 | D:2      | Slain by a kobold

Vault maps used:
D:1:      dpeg_chamrin_arrival_tetris
D:2:      ecumenical_altar_2, kennysheep_generic_room_14

Action                   || total
-------------------------++-------
Melee: Mace              ||     2
 Cast: Magic Dart        ||    16
